Map: Moondance

Players

Lemon - Winner!

  • Race: Terran Terran
  • Spawn Location: 6:00

NaXin

  • Race: Terran Terran
  • Spawn Location: 12:00

Event: DreamHack SC2 Masters 2022 Atlanta (Online)

VOD

Have the link to the VOD?

Description

Time

  • Played on: Sept. 29, 2022, 7:26 a.m.
  • Length: 22:23

All games in this series

Show
View Real Time Build Order
Export as new Build Order

Lemon Terran - Winner!

Build Orders:  

Get SALT Encoding   

  12  0:00  SCV  
  13  0:12  SCV  
  14  0:17  Supply Depot  
  14  0:24  SCV  
  15  0:38  SCV  
  15  0:40  Barracks  
  16  0:43  Refinery  
  16  0:50  SCV  
  16  0:52  Refinery  
  17  1:02  SCV  
  18  1:14  SCV  
  19  1:26  Reaper  
  19  1:27  Orbital Command  
  19  1:32  Supply Depot  
  20  1:43  Factory  
  20  1:53  SCV  
  21  1:59  Barracks Reactor  
  21  2:05  SCV  
  22  2:17  SCV  
  23  2:23  Command Center  
  23  2:29  SCV  
  26  2:30  Hellion  
  26  2:36  Supply Depot  
  26  2:39  Reaper  
  26  2:41  Reaper  
  28  2:44  SCV  
  29  2:52  Hellion  
  31  2:59  Starport  
  31  3:02  SCV  
  32  3:11  Reaper  
  33  3:13  Reaper  
  33  3:14  Hellion  
  33  3:17  SCV  
  37  3:25  Refinery  
  37  3:29  SCV  
  38  3:35  Hellion, Medivac  
  42  3:46  SCV  
  41  3:50  Orbital Command  
  41  3:56  Marine x2  
  41  3:59  Factory Tech Lab  
  41  4:02  SCV  
  44  4:07  Starport Tech Lab  
  44  4:14  Supply Depot, SCV, Marine x2  
  47  4:17  Cyclone  
  47  4:18  SCV  
  51  4:26  SCV  
  51  4:30  SCV  
  50  4:38  Marine x2  
  50  4:39  Raven  
  48  4:46  SCV  
  48  4:51  Siege Tank  
  52  4:53  SCV  
  52  4:56  Marine x2  
  52  4:58  SCV  
  54  5:00  Supply Depot  
  54  5:13  SCV x2  
  54  5:14  Marine x2  
  58  5:22  Raven  
  58  5:24  Siege Tank  
  58  5:26  SCV x2  
  58  5:27  Supply Depot, Command Center  
  62  5:38  SCV  
  62  5:42  Marine x2  
  51  5:43  SCV  
  53  5:50  SCV  
  53  5:55  SCV  
  55  5:58  Siege Tank  
  55  6:02  SCV  
  55  6:03  Barracks  
  59  6:05  Barracks  
  59  6:07  SCV  
  60  6:14  SCV  
  61  6:19  SCV  
  61  6:22  Refinery  
  61  6:25  Viking  
  64  6:26  Marine  
  64  6:30  Siege Tank  
  64  6:31  SCV  
  69  6:33  SCV  
  69  6:37  Viking  
  72  6:43  Orbital Command  
  72  6:45  SCV  
  72  6:46  SCV  
  68  6:58  Barracks Reactor  
  68  6:59  Barracks Reactor  
  66  7:02  Marine  
  66  7:03  Viking  
  66  7:04  Siege Tank  
  66  7:07  Viking  
  74  7:09  SCV x2  
  74  7:10  SCV  
  77  7:19  Marine  
  77  7:21  Engineering Bay, SCV x2  
  77  7:22  Engineering Bay, Supply Depot  
  80  7:25  SCV  
  81  7:33  SCV x2  
  81  7:34  Viking  
  81  7:36  Siege Tank  
  88  7:37  Viking, SCV  
  88  7:41  Marine x2  
  93  7:44  Marine x3  
  93  7:45  SCV x2  
  93  7:50  SCV  
  86  8:06  Marine x4  
  86  8:07  Marine  
  86  8:08  SCV x2  
  86  8:10  Refinery  
  86  8:12  Viking x2  
  94  8:13  Stimpack  
  94  8:15  Terran Infantry Armor Level 1, Terran Infantry Weapons Level 1  
  94  8:18  SCV  
  94  8:19  Command Center  
  95  8:20  SCV x2  
  95  8:23  Supply Depot  
  95  8:24  Marine  
  95  8:25  Marine x2  
  95  8:26  Marine  
  101  8:38  Supply Depot  
  101  8:44  Marine x4  
  101  8:45  Supply Depot, SCV, Siege Tank  
  109  8:59  SCV x3, Medivac  
  109  9:00  Armory  
  114  9:03  Barracks  
  114  9:05  Barracks  
  114  9:06  Marine x4  
  114  9:08  Medivac  
  120  9:11  SCV  
  120  9:14  Supply Depot  
  120  9:19  Marine  
  120  9:20  Siege Tank  
  120  9:22  SCV  
  125  9:30  SCV x2, Sensor Tower, Marine x4  
  131  9:42  Viking  
  131  9:43  Viking, SCV  
  131  9:44  SCV x2  
  137  9:50  Planetary Fortress  
  137  9:54  Marine x3  
  137  9:55  Barracks Reactor x2, Marine  
  141  10:03  Missile Turret  
  141  10:04  Missile Turret  
  141  10:08  Missile Turret  
  141  10:10  Missile Turret  
  141  10:13  Marine  
  141  10:14  Viking, Siege Tank, Marine  
  138  10:23  Marine x3  
  138  10:26  Combat Shield  
  135  10:31  Refinery x2, Marine  
  135  10:32  Marine  
  135  10:35  Terran Infantry Weapons Level 2  
  137  10:36  Missile Turret  
  137  10:40  Medivac, Marine  
  137  10:41  Marine x2  
  142  10:44  Medivac  
  142  10:49  Marine  
  143  10:57  Sensor Tower  
  143  10:59  Siege Tank  
  143  11:03  Factory  
  137  11:08  Marine x9  
  146  11:21  Command Center  
  146  11:26  Marine x2  
  146  11:30  Terran Vehicle Weapons Level 1  
  146  11:31  Supply Depot  
  148  11:43  Marine x3  
  148  11:44  Marine x6  
  148  11:45  Liberator x2, Siege Tank  
  137  12:01  Marine x2  
  131  12:12  Marine  
  131  12:13  Marine x2  
  129  12:17  Siege Tank  
  129  12:18  Marine  
  129  12:19  Marine x4  
  129  12:22  Barracks Reactor  
  136  12:25  Siege Tank  
  139  12:30  Marine  
  139  12:32  Terran Infantry Armor Level 2  
  139  12:34  Marine  
  139  12:35  Marine  
  139  12:36  Marine  
  139  12:37  Marine x2  
  143  12:43  Marine x2  
  143  12:47  Planetary Fortress  
  143  12:48  Marine  
  143  12:49  Viking x2  
  148  12:53  Marine  
  150  12:59  Marine  
  144  13:07  Marine  
  144  13:08  Marine  
  137  13:16  Marine  
  137  13:17  Siege Tank x2, Marine  
  110  13:22  Viking x2  
  93  13:31  Marine  
  91  13:35  Barracks x2  
  91  13:36  Starport  
  91  13:38  Marine  
  92  13:42  Orbital Command  
  92  13:44  SCV x2  
  92  13:47  SCV x2  
  96  13:48  Marine  
  96  13:50  Siege Tank  
  96  13:51  Siege Tank  
  102  13:55  Marine  
  102  13:59  Barracks Reactor  
  102  14:01  Medivac x2  
  106  14:11  Barracks x2  
  106  14:15  Terran Infantry Weapons Level 3  
  106  14:26  Marine  
  106  14:27  Marine  
  106  14:28  Siege Tank x2, Starport Tech Lab  
  109  14:34  Marine x2  
  109  14:40  Marine  
  109  14:41  Marine  
  109  14:42  Viking  
  109  14:43  Viking  
  109  14:44  SCV x4, Marine x2  
  123  14:56  Sensor Tower  
  123  14:57  SCV x3  
  123  14:58  Marine x2  
  128  15:01  Siege Tank  
  128  15:02  Marine x2  
  134  15:10  Barracks Reactor  
  134  15:11  Barracks Reactor  
  134  15:13  Viking x2  
  134  15:16  Marine x2  
  134  15:20  Marine  
  122  15:28  Marine  
  122  15:34  Marine x2  
  125  15:36  Terran Infantry Armor Level 3  
  125  15:37  SCV x4  
  125  15:38  Marine  
  129  15:45  Factory  
  129  15:46  Marine  
  130  15:52  Marine x2  
  130  15:56  Marine  
  133  15:57  Marine x3  
  133  15:58  Viking x2  
  133  16:00  Viking  
  133  16:01  Siege Tank  
  145  16:05  Barracks Reactor x2  
  145  16:07  Refinery x2  
  145  16:10  Marine x2  
  145  16:11  Sensor Tower  
  143  16:20  Command Center  
  143  16:23  Command Center, Marine x5  
  143  16:24  Command Center  
  148  16:31  Sensor Tower  
  148  16:44  Marine  
  149  16:47  Medivac x2  
  143  16:58  SCV x3  
  143  16:59  SCV x2  
  142  17:02  Corvid Reactor, Raven, Starport  
  142  17:06  Marine x8  
  152  17:10  SCV  
  152  17:13  Missile Turret  
  153  17:15  Missile Turret  
  153  17:19  Missile Turret  
  153  17:20  Supply Depot x2  
  153  17:30  Marine x2  
  153  17:32  Marine  
  156  17:39  Marine x9  
  156  17:41  Siege Tank  
  168  17:44  Orbital Command  
  168  17:45  Orbital Command  
  168  17:56  Refinery, Starport  
  167  18:06  Viking x2  
  167  18:08  Siege Tank  
  163  18:13  Viking  
  159  18:37  Viking x2  
  159  18:40  Starport  
  163  18:53  Viking  
  152  18:59  Marine  
  152  19:00  Marine x10  
  159  19:07  Viking  
  145  19:13  Marine  
  145  19:14  Siege Tank  
  140  19:22  Marine  
  120  19:24  Marine  
  120  19:25  Marine x9  
  120  19:26  Raven  
  120  19:28  Orbital Command  
  120  19:29  Planetary Fortress  
  120  19:30  SCV x2  
  120  19:31  SCV x2, Marine  
  135  19:39  Marine  
  135  19:42  SCV, Marine x3  
  135  19:43  SCV x3  
  143  19:47  Viking x2  
  143  19:49  Starport Tech Lab  
  143  19:50  Starport Reactor  
  147  19:54  SCV  
  147  19:55  SCV x3, Refinery  
  147  19:58  SCV  
  147  19:59  Marine x2  
  154  20:01  Siege Tank x2  
  154  20:06  SCV  
  161  20:07  SCV x3  
  161  20:10  SCV  
  161  20:11  Marine x4  
  161  20:12  Raven  
  171  20:19  SCV  
  172  20:25  Command Center  
  169  20:36  Siege Tank x2, Marine x8  
  179  21:02  Viking x2  
  179  21:03  Viking  
  185  21:12  Raven  
  185  21:15  Raven  
  189  21:38  Marine  
  189  21:39  Siege Tank  
  184  21:58  Marine x9  
Show
View Real Time Build Order
Export as new Build Order

NaXin Terran 

Build Orders:  

Get SALT Encoding   

  12  0:00  SCV  
  13  0:12  SCV  
  14  0:17  Supply Depot  
  14  0:24  SCV  
  15  0:38  SCV  
  15  0:40  Barracks  
  16  0:45  Refinery  
  16  0:50  SCV  
  16  0:55  Refinery  
  17  1:03  SCV  
  18  1:15  SCV  
  19  1:27  Reaper, Orbital Command  
  20  1:32  Supply Depot  
  20  1:44  Factory  
  20  1:53  SCV  
  21  1:59  Barracks Reactor  
  21  2:05  SCV  
  22  2:16  Command Center  
  22  2:19  SCV  
  23  2:28  Hellion  
  25  2:31  SCV  
  25  2:35  Reaper  
  25  2:36  Reaper  
  28  2:38  Supply Depot  
  28  2:46  SCV  
  28  2:49  Hellion  
  31  2:55  Starport  
  31  3:00  SCV  
  32  3:07  Marine x2  
  32  3:10  Factory Tech Lab  
  34  3:19  SCV, Refinery  
  35  3:25  Marine x2  
  37  3:30  Cyclone  
  40  3:36  Orbital Command  
  40  3:44  Marine x2  
  40  3:48  Starport Tech Lab  
  42  3:53  SCV  
  43  4:02  Marine x2  
  44  4:03  SCV  
  44  4:05  Siege Tank  
  44  4:09  Banshee  
  52  4:15  Supply Depot  
  52  4:18  SCV x2  
  54  4:26  Supply Depot  
  54  4:30  Marine  
  54  4:37  Siege Tank  
  57  4:41  SCV  
  57  4:42  Marine  
  56  4:47  SCV  
  56  4:50  Marine  
  57  4:53  SCV  
  57  4:58  Raven  
  60  5:02  Supply Depot  
  60  5:05  SCV  
  60  5:06  SCV  
  60  5:07  Marine  
  62  5:14  Siege Tank  
  66  5:17  SCV  
  66  5:20  Marine  
  66  5:21  Supply Depot  
  68  5:25  SCV  
  68  5:27  Marine  
  68  5:37  Marine  
  68  5:41  SCV  
  57  5:44  Raven  
  57  5:45  Marine  
  57  5:47  Siege Tank  
  57  5:49  SCV  
  64  5:52  Refinery  
  64  5:53  SCV  
  64  5:55  Marine  
  66  6:03  SCV, Marine  
  67  6:06  Command Center  
  67  6:09  SCV  
  68  6:13  Marine  
  64  6:19  SCV  
  64  6:20  Siege Tank  
  64  6:22  SCV  
  69  6:27  Barracks  
  69  6:29  Barracks  
  69  6:33  SCV  
  69  6:34  SCV  
  69  6:39  Viking x2  
  72  6:58  SCV  
  72  6:59  Siege Tank, Marine  
  64  7:05  Stimpack  
  64  7:06  SCV  
  63  7:09  Viking x2  
  63  7:11  SCV  
  63  7:15  Engineering Bay  
  65  7:16  Engineering Bay  
  65  7:18  Barracks Reactor x2, SCV  
  66  7:25  Orbital Command  
  66  7:28  Marine  
  66  7:31  SCV x2, Siege Tank  
  71  7:39  Viking x2  
  71  7:43  SCV x2  
  77  7:49  Terran Infantry Weapons Level 1  
  77  7:53  Terran Infantry Armor Level 1  
  76  8:06  Marine x4  
  76  8:07  SCV  
  76  8:08  SCV x2  
  76  8:10  Marine  
  76  8:12  Siege Tank  
  89  8:15  Medivac  
  89  8:19  SCV  
  90  8:20  SCV  
  90  8:21  SCV  
  90  8:22  Supply Depot  
  90  8:24  Marine  
  90  8:25  Barracks x2, Marine  
  90  8:26  Marine  
  95  8:30  Marine  
  95  8:31  SCV  
  95  8:32  Sensor Tower  
  95  8:33  SCV  
  95  8:34  Marine  
  99  8:37  SCV  
  100  8:44  Supply Depot, SCV  
  100  8:45  Siege Tank  
  100  8:47  Medivac  
  106  8:48  Supply Depot  
  106  8:51  Medivac  
  106  8:52  Refinery  
  106  8:53  Refinery, Marine  
  109  9:05  SCV x3, Marine x2  
  109  9:08  Marine x2  
  116  9:12  Supply Depot  
  116  9:14  Barracks Reactor, Missile Turret, Armory  
  116  9:16  Barracks Reactor  
  116  9:17  Missile Turret  
  116  9:22  Siege Tank  
  119  9:24  Marine  
  119  9:27  Supply Depot  
  119  9:28  Missile Turret  
  119  9:30  Marine  
  119  9:31  Marine  
  122  9:35  Supply Depot  
  122  9:36  Supply Depot  
  111  9:39  Marine x2  
  111  9:42  Medivac x2, Marine  
  117  9:48  Marine x2  
  119  9:54  Siege Tank  
  119  9:55  Marine x2  
  119  9:56  Marine x3  
  119  9:57  Marine  
  128  10:02  Marine  
  128  10:03  Missile Turret  
  128  10:05  Supply Depot  
  129  10:08  Terran Infantry Weapons Level 2  
  129  10:09  Marine x2  
  129  10:13  Marine  
  132  10:15  Marine  
  130  10:23  Marine x3  
  130  10:24  Marine x2  
  130  10:25  Medivac x2  
  130  10:27  Marine x2  
  141  10:31  Terran Infantry Armor Level 2, Marine  
  141  10:33  Marine  
  143  10:39  Siege Tank  
  143  10:41  Marine x3  
  149  10:43  Marine  
  149  10:44  Marine  
  149  10:49  Marine  
  152  10:51  Marine  
  153  10:57  Marine  
  153  10:58  Supply Depot  
  153  10:59  Supply Depot  
  153  11:03  Marine x2  
  156  11:05  Marine  
  156  11:06  Marine  
  156  11:10  Command Center  
  158  11:12  Viking x2, Siege Tank  
  165  11:20  SCV, Marauder, Marine  
  169  11:27  Terran Vehicle Weapons Level 1  
  169  11:28  Marine  
  169  11:29  Supply Depot, Marine  
  169  11:32  Marine  
  172  11:36  Marine x3  
  172  11:37  Marine  
  172  11:38  Marine  
  177  11:45  Marine x2  
  177  11:46  Siege Tank, Marine  
  154  11:50  Marine  
  154  11:54  Marine x2  
  142  11:55  Viking x2  
  142  11:56  Marine x2  
  142  11:57  Marine  
  142  12:01  SCV  
  140  12:03  Marine x2  
  140  12:04  Marine  
  141  12:11  Marine  
  141  12:12  SCV, Marine x2  
  144  12:16  Marine  
  144  12:18  Marine  
  144  12:19  Siege Tank  
  140  12:23  Marine x2  
  140  12:25  Marine  
  141  12:32  Orbital Command  
  141  12:40  Marine  
  141  12:42  Marine  
  143  12:52  Siege Tank  
  136  12:58  Marine x2  
  136  12:59  Medivac  
  136  13:02  Marine  
  136  13:04  Marine x2  
  140  13:10  Command Center  
  127  13:24  Siege Tank  
  115  13:27  Marine  
  115  13:28  Marine x3  
  115  13:32  Marine  
  115  13:33  SCV x3  
  121  13:35  Marine  
  121  13:39  Marine  
  121  13:41  Marine x2  
  123  13:42  Medivac  
  123  13:43  Medivac  
  123  13:45  SCV  
  123  13:46  Marine  
  129  13:51  Marine  
  129  13:52  Marine x3  
  129  13:54  Marine  
  132  13:59  Marine x2  
  132  14:00  Siege Tank  
  131  14:03  Marine  
  131  14:07  Marine  
  131  14:09  Marine  
  131  14:12  Viking  
  133  14:20  Marine x2  
  133  14:23  Viking  
  137  14:34  Siege Tank, Marine x2  
  137  14:35  Marine  
  137  14:37  Marine  
  137  14:38  Marine  
  139  14:46  Marine  
  139  14:48  Marine x2  
  143  14:54  Marine x2  
  143  14:56  Terran Infantry Weapons Level 3  
  145  15:04  Terran Infantry Armor Level 3  
  144  15:13  Marine x2  
  138  15:19  Siege Tank  
  141  15:23  Marine  
  122  15:29  Marine  
  122  15:30  Marine x2  
  122  15:31  Marine  
  122  15:34  Marine  
  124  15:35  Planetary Fortress  
  124  15:39  Viking x2  
  124  15:41  Marine  
  128  15:45  Marine  
  128  15:47  Marine  
  130  15:50  Terran Vehicle Weapons Level 2  
  130  15:52  Siege Tank  
  133  15:59  Marine x2  
  133  16:04  Refinery  
  137  16:09  Medivac x2  
  139  16:21  Command Center  
  139  16:25  Marine  
  139  16:26  Marine x4  
  139  16:27  Siege Tank  
  139  16:28  Marine  
  139  16:29  Marine  
  139  16:30  Marine  
  150  16:35  Marine  
  148  16:43  Marine x2  
  148  16:53  Marine x4  
  148  16:54  Medivac  
  145  16:58  Marine x2  
  145  16:59  Siege Tank  
  144  17:01  SCV  
  144  17:02  SCV x3  
  144  17:08  Medivac  
  150  17:10  Marine x2  
  150  17:12  Marine  
  150  17:13  Marine  
  154  17:16  Marine  
  154  17:21  Sensor Tower  
  155  17:23  Medivac  
  155  17:24  Marine x2  
  155  17:29  Sensor Tower  
  159  17:33  Marine x3  
  159  17:34  Siege Tank  
  162  17:37  Marine  
  162  17:38  Factory  
  162  17:40  Planetary Fortress  
  162  17:41  Marine x2  
  165  17:48  Marine  
  165  17:51  Marine  
  166  17:52  Marine x3  
  166  17:53  Marine  
  166  17:54  Liberator  
  166  17:57  Marine  
  175  18:00  Marine  
  175  18:04  Marine  
  177  18:08  Siege Tank  
  177  18:10  Medivac, Marine x2  
  175  18:20  Marine x2  
  175  18:23  Marine  
  175  18:24  Marine x3  
  175  18:25  Factory Tech Lab, Marine  
  179  18:27  Marine x2  
  171  18:38  Marine x2  
  171  18:40  Siege Tank  
  171  18:41  Marine  
  177  18:46  Marine  
  165  18:48  Marine x2  
  165  18:49  Marine  
  165  18:50  Siege Tank  
  159  18:57  Marine  
  159  18:59  Marine x2  
  159  19:02  Marine  
  153  19:05  Marine x2  
  153  19:06  Marine  
  153  19:07  Marine x2  
  140  19:12  Medivac x2  
  140  19:13  Siege Tank  
  140  19:15  Marine  
  140  19:16  Marine x2  
  144  19:21  Marine  
  144  19:22  Siege Tank, Marine  
  144  19:23  Marine  
  133  19:29  Marine  
  133  19:31  SCV x2, Marine x2  
  133  19:35  Marine x2  
  133  19:36  Marine  
  133  19:38  SCV x2  
  138  19:40  Refinery  
  138  19:42  Medivac, Marine  
  141  19:46  Marine x2  
  141  19:47  Medivac, Marine  
  141  19:48  Siege Tank  
  141  19:50  Marine x2  
  148  19:54  Command Center  
  148  19:56  Marine x2  
  150  20:01  Marine  
  150  20:02  Marine  
  150  20:04  Marine  
  150  20:05  Command Center  
  150  20:06  Sensor Tower  
  153  20:08  Marine  
  153  20:10  Marine x2  
  153  20:11  Refinery, Marine  
  153  20:12  Refinery  
  153  20:13  Supply Depot  
  153  20:14  Starport  
  157  20:15  SCV  
  157  20:17  Marine x2  
  157  20:19  SCV x2  
  162  20:28  Marine x4  
  162  20:30  Viking  
  162  20:33  Marine  
  162  20:34  Supply Depot  
  162  20:35  Supply Depot  
  152  20:37  Marine x3  
  152  20:42  SCV x2  
  155  20:52  Viking  
  155  20:55  Marine  
  161  20:57  Siege Tank  
  161  21:00  Viking, Marine x3  
  161  21:02  Marine  
  167  21:09  Siege Tank, Marine x2  
  167  21:10  SCV  
  173  21:13  Marine x2  
  173  21:14  Marine  
  173  21:18  Marine x2  
  171  21:21  Marine x2  
  171  21:23  Orbital Command  
  174  21:26  Marine  
  174  21:30  Siege Tank  
  172  21:38  Viking x2, Marine  
  172  21:39  Marine  
  155  21:55  Marine x4  
  155  21:56  Marine  
  155  21:58  Marine x2  
Tags
 
Add a new tag
Caveats
  • Supply blocks, unpowered buildings, or Contaminate may cause inaccurate times.
  • Supply counts are checked every 10 seconds.